 Dungeon Crawl Stone Soup version 0.28-a0-1087-gf3fc490d9d (webtiles) character file.

Game seed: 12490429001962046237

110 siradein the Skirmisher (level 4, -1/40 HPs)
             Began as a Ghoul Fighter on Dec 11, 2021.
             Slain by a gnoll (6 damage)
             ... on level 5 of the Dungeon.
             The game lasted 00:04:08 (2461 turns).

siradein the Skirmisher (Ghoul Fighter)             Turns: 2461, Time: 00:04:09

Health: -1/40      AC:  8    Str: 19    XL:     4   Next: 91%
Magic:  3/3        EV:  9    Int:  3    God:
Gold:   214        SH:  4    Dex: 10    Spells: 3/3 levels left

rFire   . . .      SeeInvis .   a - +0 long sword
rCold   + . .      Faith    .   c - +0 buckler
rNeg    + + +      Spirit   .   b - +0 scale mail
rPois   ∞          Reflect  .   l - +0 helmet
rElec   .          Harm     .   (no cloak)
rCorr   .          Rampage  .   (no gloves)
Will    .....                   (no boots)
Stlth   ..........              n - amulet of magic regeneration
HPRegen 0.00/turn               (no ring)
MPRegen 0.48/turn               (no ring)

@: inhibited regen
A: claws 1, cold resistance 1, negative energy resistance 3, inhibited
regeneration, torment resistance 2
a: no special abilities


You were on level 5 of the Dungeon.
You visited 1 branch of the dungeon, and saw 4 of its levels.

You collected 214 gold pieces.

Inventory:

Hand Weapons
 a - a +0 long sword (weapon)
Armour
 b - a +0 scale mail (worn)
 c - a +0 buckler (worn)
 l - a +0 helmet (worn)
Jewellery
 n - an amulet of magic regeneration (around neck)
Wands
 j - a wand of acid (7)
Scrolls
 e - 2 scrolls of blinking {unknown}
 g - a scroll of immolation {unknown}
 h - 2 scrolls of teleportation {unknown}
 i - a scroll of vulnerability {unknown}
 k - a scroll of identify {unknown}
Potions
 d - a potion of might
 f - a potion of heal wounds {unknown}
 m - a potion of curing {unknown}


   Skills:
 + Level 4.1 Fighting
 + Level 2.6 Long Blades
 + Level 3.3 Armour
 + Level 3.3 Shields


You had 3 spell levels left.
You didn't know any spells.
Your spell library was empty.

Dungeon Overview and Level Annotations

Branches:
Dungeon (3/15)

Altars:
Vehumet

Shops:
D:3 [

Annotations:
D:3 exclusion: statue


Innate Abilities, Weirdness & Mutations

You thrive by killing the living.
You are immune to poison.
You have sharp fingernails.
Your flesh is cold resistant. (rC+)
You are immune to negative energy. (rN+++)
You do not regenerate when monsters are visible.
You are immune to unholy pain and torment.


Message History

You block the ufetubus's attack. The ufetubus barely misses you.
The ufetubus closely misses you.
You barely miss the ufetubus.
The ufetubus is almost dead.
The ufetubus hits you.
The ufetubus hits you but does no damage.
The gnoll misses you.
The ufetubus hits you but does no damage.
You block the ufetubus's attack.
You closely miss the ufetubus.
The ufetubus is almost dead.
The ufetubus barely misses you. The ufetubus closely misses you.
You block the gnoll's attack.
The ufetubus hits you but does no damage. x2
You closely miss the ufetubus.
The ufetubus is almost dead.
You block the ufetubus's attack. The ufetubus hits you.
The gnoll hits you but does no damage.
The ufetubus hits you but does no damage.
The ufetubus hits you. The gnoll closely misses you.
You closely miss the ufetubus.
The ufetubus is almost dead.
The ufetubus hits you but does no damage.
The ufetubus closely misses you.
The gnoll hits you from afar with a +0 spear!
* * * LOW HITPOINT WARNING * * *
The ufetubus hits you but does no damage. x2
You miss the ufetubus.
The ufetubus is almost dead.
The ufetubus hits you but does no damage.
The ufetubus barely misses you. The gnoll closely misses you.
The ufetubus barely misses you.
The ufetubus hits you but does no damage.
You barely miss the ufetubus.
The ufetubus is almost dead.
The ufetubus hits you.
* * * LOW HITPOINT WARNING * * *
The ufetubus barely misses you.
The gnoll hits you from afar with a +0 spear.
You die...

.g .### ..# #.##
###..##.#
#.g.....#
#.###..##
######.# #.#
#####.@5ggg# ..#
##.....######
... #.)...#####
###. ##+##.....#
# #####.#######
#####.#.....###
#...............
#.####......####
##.....#


You could see 3 gnolls and an ufetubus.

Vanquished Creatures
  A hound skeleton (D:5)
  3 adders
  A gnoll (D:1)
  A dart slug (D:2)
  An orc (D:3)
  7 endoplasms
  4 giant cockroaches
  4 goblins
  4 hobgoblins
  2 jackals (D:1)
  7 kobolds
  5 ball pythons
  5 bats
  3 frilled lizards
  9 rats
57 creatures vanquished.

Notes
Turn   | Place    | Note
-------+----------+-------------------------------------------
     0 | D:1      | siradein the Ghoul Fighter began the quest for the Orb.
     0 | D:1      | Reached XP level 1. HP: 19/19 MP: 0/0
    45 | D:1      | Reached XP level 2. HP: 12/26 MP: 1/1
   369 | D:1      | Reached XP level 3. HP: 31/31 MP: 2/2
   486 | D:1      | Found a faded altar of an unknown god.
  1476 | D:2      | Reached XP level 4. HP: 40/40 MP: 3/3
  1553 | D:2      | Reached skill level 4 in Fighting
  1860 | D:3      | Found a radiant altar of Vehumet.
  1860 | D:3      | Noticed a frost-covered statue
  2043 | D:3      | Found Buzomaocs's Antique Armour Shoppe.
  2402 | D:3      | You fall into a shaft and drop 2 floors!
  2402 | D:5      | Entered Level 5 of the Dungeon
  2461 | D:5      | Slain by a gnoll

Illustrated notes

Levels and vault maps discovered:
D:1:      erik_arrival_triangle_small, layout_loops_corners,
          shapermc_ecumenical_altar_acropolis, minmay_split_cup_large
D:2:      kennysheep_big_flooded_room, layout_basic
D:3:      layout_loops_corners, vehumet_statue, serial_shops, shop_coins
D:5:      layout_rooms, saegor_snake_ambush

Skill      XL: |  1  2  3  4 |
---------------+-------------+-----
Long Blades    | 2 |  2.6
Armour         | 3 |  3.3
Shields        | 3 |  3.3
Fighting       | 4 |  4.1

Action                   |  1- 3 |  4- 6 || total
-------------------------+-------+-------++-------
Melee: Long sword        |   114 |    81 ||   195
Armor: Scale mail        |    54 |    66 ||   120
Dodge: Dodged            |    66 |    45 ||   111
Block: Buckler           |    20 |    19 ||    39

Table legend: (Time is in decaauts)
 A = Elapsed time spent in this place.
 B = Non-inter-level travel time spent in this place.
 C = Inter-level travel time spent in this place.
 D = Time resting spent in this place.
 E = Time spent auto-exploring this place.
 F = Levels seen in this place.
 G = Mean time per level.
                   A        B        C        D        E       F      G
               +--------+--------+--------+--------+--------+-----+--------+
         Total |   2521 |   2473 |     48 |      0 |   1999 |   4 |  630.2 |
       Dungeon |   2521 |   2473 |     48 |      0 |   1999 |   4 |  630.2 |
               +--------+--------+--------+--------+--------+-----+--------+

Top non-repeatable levels by time:
     D:1: 1068 daAuts
     D:3: 699 daAuts
     D:2: 688 daAuts
     D:5: 64 daAuts
